 Dungeon Crawl Stone Soup version 0.29-a0-676-ga64570c9d2 (webtiles) character file.

Game seed: 2925922702031366409

37 pokeman the Magician (level 3, -1/20 HPs)
             Began as a Deep Elf Hedge Wizard on June 24, 2022.
             Slain by an orc wizard
             ... wielding a +0 dagger
              (4 damage)
             ... on level 2 of the Dungeon.
             The game lasted 00:03:32 (1898 turns).

pokeman the Magician (Deep Elf Hedge Wizard)        Turns: 1898, Time: 00:03:32

Health: -1/20      AC:  3    Str:  7    XL:     3   Next: 21%
Magic:  11/11      EV: 11    Int: 20    God:
Gold:   73         SH:  0    Dex: 14    Spells: 1/12 levels left

rFire   . . .      SeeInvis .   h - +0 dagger (venom)
rCold   . . .      Faith    .   (no shield)
rNeg    . . .      Spirit   .   f - +0 leather armour
rPois   .          Reflect  .   c - +0 hat
rElec   .          Harm     .   (no cloak)
rCorr   .          Rampage  .   (no gloves)
Will    .....                   (no boots)
Stlth   ++........              (no amulet)
HPRegen 0.06/turn               (no ring)
MPRegen 0.12/turn               (no ring)

@: no status effects
A: no striking features
a: no special abilities


You were on level 2 of the Dungeon.
You visited 1 branch of the dungeon, and saw 2 of its levels.

You collected 73 gold pieces.

Inventory:

Hand Weapons
 h - a +0 dagger of venom (weapon)
Armour
 c - a +0 hat (worn)
 f - a +0 leather armour (worn)
Scrolls
 b - a scroll of enchant weapon {unknown}
 e - a scroll of magic mapping {unknown}
 g - 2 scrolls of teleportation {unknown}
Potions
 a - 4 potions of brilliance {unknown}
 d - a potion of magic
 i - 2 potions of might {unknown}
 j - a potion of heal wounds {unknown}


   Skills:
 + Level 0.9 Fighting
 + Level 0.8 Armour
 - Level 2.4 Dodging
 - Level 2.4 Stealth
 * Level 5.1 Spellcasting
 + Level 1.7 Conjurations
 - Level 1.1 Summonings
 - Level 1.1 Translocations


You had one spell level left.
You knew the following spells:

 Your Spells              Type           Power      Damage    Failure   Level
a - Magic Dart            Conj           48%        1d5       9%          1
b - Mephitic Cloud        Conj/Pois/Air  7%         N/A       36%         3
c - Call Imp              Summ           9%         N/A       16%         2
d - Blink                 Tloc           18%        N/A       16%         2
e - Conjure Flame         Conj/Fire      8%         6-21      34%         3

Your spell library contained the following spells:

 Spells                   Type           Power      Damage    Failure   Level
 Apportation              Tloc           18%        N/A       11%         1
 Summon Small Mammal      Summ           36%        N/A       11%         1
 Necrotize                Necr           20%        1d5       17%         1
 Slow                     Hex            20%        N/A       17%         1
 Stone Arrow              Conj/Erth      16%        3d8       34%         3
 Animate Armour           Summ/Erth      14%        N/A       78%         4
 Lehudib's Crystal Spear  Conj/Erth      4%         10d3      100%        8


Dungeon Overview and Level Annotations

Branches:
Dungeon (2/15)

Altars:


Message History

The orc is engulfed in noxious fumes.
The orc appears confused.
The orc hits itself with a +0 hand axe.
The orc is killed!
There is a stone staircase leading up here.
You climb upwards.
Reactivating autopickup.
There is a stone staircase leading down here.
You start resting.
Your magical contamination has completely faded away.
You start resting.
Magic restored.
You start resting.
HP restored.
You climb downwards.
There is a stone staircase leading up here.
The orc wizard casts a spell at you.
You are confused.
You're too confused to cast spells.
The orc wizard hits you with a +0 dagger.
The orc wizard hits you but does no damage.
You feel less confused.
You hit the orc wizard but do no damage.
The orc wizard is poisoned.
The orc wizard barely misses you.
Unknown command.
You closely miss the orc wizard.
The orc wizard mumbles some strange words.
The orc wizard flickers and vanishes!
Deactivating autopickup; reactivate with Ctrl-A.
You hit something.
You hear some strange, mumbled words.
A magic dart appears from out of thin air!
The magic dart hits you!
You hit something but do no damage.
You hear some strange, mumbled words.
A magic dart appears from out of thin air!
The magic dart hits you.
* * * LOW HITPOINT WARNING * * *
Unknown command.
Something hits you.
You die...

.# .# .# #.# #.# #### #.#
#... .########.###### #<#
......?.................
..####..@{.#######.#.....
...........S.............
#.####....[...........###
####.........)......
#....<..............
......................
...................#
.=........##########
..........#


You could see an adder.

Vanquished Creatures
  A dart slug (D:1)
  3 orcs (D:2)
  2 endoplasms (D:1)
  A giant cockroach (D:1)
  2 goblins (D:1)
  4 hobgoblins
  4 jackals (D:1)
  5 kobolds (D:1)
  A quokka (D:1)
  A ball python (D:1)
  2 bats (D:1)
  2 rats (D:1)
28 creatures vanquished.

Notes
Turn   | Place    | Note
-------+----------+-------------------------------------------
     0 | D:1      | pokeman the Deep Elf Hedge Wizard began the quest for the
                  | Orb.
     0 | D:1      | Reached XP level 1. HP: 10/10 MP: 7/7
   443 | D:1      | Found a faded altar of an unknown god.
   571 | D:1      | Reached XP level 2. HP: 16/16 MP: 6/9
  1020 | D:1      | Reached skill level 5 in Spellcasting
  1492 | D:2      | Reached XP level 3. HP: 16/20 MP: 11/11
  1496 | D:2      | Learned a level 3 spell: Mephitic Cloud
  1499 | D:2      | Learned a level 2 spell: Call Imp
  1502 | D:2      | Learned a level 2 spell: Blink
  1506 | D:2      | Learned a level 3 spell: Conjure Flame
  1898 | D:2      | Slain by an orc wizard

Illustrated notes

Levels and vault maps discovered:
D:1:      minmay_arrival_open_corners, layout_loops_corners,
          shapermc_ecumenical_altar_notcrosses, minmay_indecisive_spiral
D:2:      layout_basic, lemuel_another_geyser, uniq_jessica

Skill      XL: |  1  2 |
---------------+-------+-----
Spellcasting   | 5 |  5.1
Fighting       | |  0.9
Armour         | |  0.8
Dodging        | |  2.4
Stealth        | |  2.4
Conjurations   | |  1.7
Summonings     | |  1.1
Translocations | |  1.1

Action                   || total
-------------------------++-------
Melee: Dagger            ||    29
       Punch             ||     1
 Cast: Magic Dart        ||    48
       Mephitic Cloud    ||     1
 Stab: Sleeping          ||     2
Armor: Leather armour    ||    10
Dodge: Dodged            ||    18

Table legend: (Time is in decaauts)
 A = Elapsed time spent in this place.
 B = Non-inter-level travel time spent in this place.
 C = Inter-level travel time spent in this place.
 D = Time resting spent in this place.
 E = Time spent auto-exploring this place.
 F = Levels seen in this place.
 G = Mean time per level.
                   A        B        C        D        E       F      G
               +--------+--------+--------+--------+--------+-----+--------+
         Total |   1898 |   1804 |     94 |    341 |   1273 |   2 |  949.0 |
       Dungeon |   1898 |   1804 |     94 |    341 |   1273 |   2 |  949.0 |
               +--------+--------+--------+--------+--------+-----+--------+

Top non-repeatable levels by time:
     D:1: 1779 daAuts
     D:2: 119 daAuts
